Map: Ruins of Seras

Players

uThermal

  • Race: Terran Terran
  • League: Grandmaster

FireCake - Winner!

  • Race: Zerg Zerg
  • League: Grandmaster

Event: Homestory Cup XII

VOD

Have the link to the VOD?

Description

Time

  • Played on: Dec. 19, 2015, 8:56 a.m.
  • Length: 6:43

All games in this series

Show
View Real Time Build Order
Export as new Build Order

uThermal Terran 

Build Orders: Liberator Opening 

Get SALT Encoding   

  12  0:01  SCV  
  13  0:13  SCV  
  14  0:18  Supply Depot  
  14  0:25  SCV  
  15  0:39  SCV  
  15  0:40  Barracks  
  16  0:44  Refinery  
  16  0:51  SCV  
  17  1:03  SCV  
  18  1:15  SCV  
  19  1:29  Barracks Reactor, Orbital Command  
  19  1:45  Command Center  
  19  1:53  Supply Depot  
  19  1:56  SCV  
  20  2:05  Reaper x2  
  22  2:08  SCV  
  23  2:20  SCV  
  24  2:25  Bunker  
  23  2:32  SCV  
  24  2:37  Marine x2  
  24  2:41  Factory  
  26  2:45  SCV  
  27  2:57  SCV  
  28  2:59  Orbital Command  
  28  3:09  Command Center  
  28  3:12  SCV  
  29  3:21  Refinery  
  29  3:24  SCV x2  
  31  3:28  Starport  
  31  3:35  Hellion  
  31  3:36  Hellion  
  31  3:39  SCV  
  31  3:40  SCV  
  37  3:42  Barracks Reactor  
  37  3:48  Refinery  
  37  3:52  SCV x2  
  37  3:55  Liberator  
  38  4:04  SCV x2  
  38  4:06  Factory Tech Lab  
  40  4:13  Bunker  
  43  4:18  SCV  
  46  4:28  Siege Tank  
  49  4:33  Engineering Bay  
  49  4:34  Supply Depot  
  49  4:37  Engineering Bay  
Show
View Real Time Build Order
Export as new Build Order

FireCake Zerg - Winner!

Build Orders: Pool First, Roach Nydus 

Get SALT Encoding   

  12  0:00  Drone  
  13  0:08  Drone  
  14  0:17  Overlord  
  14  0:23  Drone, Extractor  
  17  0:35  Drone x2  
  17  0:45  Spawning Pool  
  17  0:49  Drone  
  17  1:06  Extractor  
  16  1:11  Hatchery  
  16  1:15  Drone  
  16  1:18  Drone  
  17  1:22  Drone  
  18  1:32  Queen  
  20  1:36  Zergling x2  
  21  1:40  Drone  
  22  1:48  Overlord  
  22  2:06  Drone  
  22  2:07  Queen  
  25  2:11  Drone  
  26  2:25  Drone  
  26  2:26  Drone  
  28  2:31  Queen  
  28  2:35  Overlord  
  28  2:37  Drone  
  30  2:45  Lair  
  30  2:47  Drone x2  
  32  2:52  Drone  
  32  2:53  Drone  
  32  2:56  Drone  
  35  3:04  Extractor  
  34  3:07  Extractor  
  34  3:08  Drone x3  
  34  3:11  Queen  
  38  3:21  Drone x4  
  42  3:29  Roach Warren  
  41  3:38  Overlord  
  41  3:42  Drone x2  
  41  3:47  Nydus Network, Overseer  
  42  3:53  Overlord  
  42  3:55  Overlord  
  42  4:15  Roach  
  42  4:16  Roach x4  
  51  4:25  Nydus Canal  
  51  4:28  Roach  
  51  4:29  Roach  
  55  4:36  Roach  
  57  4:40  Roach  
Tags
 
Add a new tag
Caveats
  • Supply blocks, unpowered buildings, or Contaminate may cause inaccurate times.
  • Supply counts are checked every 10 seconds.